 Dungeon Crawl Stone Soup version 0.22-a0-469-gf26638a71f (webtiles) character file.

7998 xaffu the Cleaver (level 11, -1/93 HPs)
             Began as a Minotaur Fighter on June 11, 2018.
             Was an Elder of Okawaru.
             Slain by BearFiend's ghost (23 damage)
             ... on level 11 of the Dungeon.
             The game lasted 00:20:45 (10747 turns).

xaffu the Cleaver (Minotaur Fighter)               Turns: 10747, Time: 00:20:46

Health: -1/93      AC:  9    Str: 27    XL:     11   Next: 4%
Magic:  0/13       EV: 11    Int:  7    God:    Okawaru [****..]
Gold:   700        SH: 11    Dex: 10    Spells: 10/10 levels left

rFire    + . .     SeeInvis +   J - +0 broad axe (distort)
rCold    . . .     Gourm    .   c - +1 shield
rNeg     . . .     Faith    .   G - +1 ring mail "Gutatt" {rPois rF+ Str-2 Int+2 SInv}
rPois    +         Spirit   +   (helmet restricted)
rElec    .         Reflect  .   o - +0 cloak
rCorr    +         Harm     .   (no gloves)
MR       .....                  (no boots)
Stlth    ..........             a - amulet of guardian spirit
HPRegen  0.25/turn              b - ring of resist corrosion
MPRegen  0.13/turn              (no ring)

@: mighty
A: retaliatory headbutt, horns 2
a: Heroism, Renounce Religion


You were on level 11 of the Dungeon.
You worshipped Okawaru.
Okawaru was greatly pleased with you.
You were not hungry.

You visited 2 branches of the dungeon, and saw 12 of its levels.
You also visited: Ossuary.

You collected 700 gold pieces.

Inventory:

Hand Weapons
 J - a +0 broad axe of distortion (weapon)
Missiles
 k - 80 bolts
Armour
 c - a +1 shield (worn)
 o - a +0 cloak (worn)
 B - a +0 plate armour
 G - the +1 ring mail "Gutatt" (worn) {rPois rF+ Str-2 Int+2 SInv}
   (You found it on level 7 of the Dungeon)

   It affects your strength (-2).
   It affects your intelligence (+2).
   It protects you from fire.
   It protects you from poison.
   It lets you see invisible.
Jewellery
 a - an amulet of guardian spirit (around neck)
 b - a ring of resist corrosion (left hand)
 D - an uncursed ring of ice
Wands
 u - a wand of digging (17)
 C - a wand of paralysis (16)
Scrolls
 g - 5 scrolls of enchant weapon
 i - a scroll of magic mapping
 l - 2 scrolls of remove curse
 n - 2 scrolls of enchant armour
 q - a scroll of immolation
 x - 6 scrolls of teleportation
 y - 2 scrolls of fog
 z - a scroll of silence
 I - a scroll of blinking
Potions
 d - a potion of might
 e - 4 potions of agility
 h - 2 potions of resistance
 j - 2 potions of brilliance
 m - 2 potions of haste
 p - 3 potions of curing
 r - 3 potions of mutation
 t - 5 potions of invisibility {unknown}
 v - 2 potions of heal wounds {unknown}
 A - 2 potions of berserk rage {unknown}
 E - 2 potions of cancellation
 F - a potion of ambrosia
 H - a potion of magic {unknown}
Comestibles
 f - 15 rations
 s - a chunk of flesh


   Skills:
 + Level 7.7 Fighting
 * Level 14.9 Axes
 + Level 7.8 Armour
 + Level 6.0 Dodging
 - Level 3.6 Shields
 + Level 4.6 Invocations


You had 10 spell levels left.
You didn't know any spells.
Your spell library contained the following spells:

 Spells                   Type           Power        Failure   Level  Hunger
 Controlled Blink         Tloc           N/A          100%        8    #######
 Dispersal                Tloc           #.........   100%        6    #######
 Portal Projectile        Hex/Tloc       #.....       100%        3    ####...
 Disjunction              Tloc           #.........   100%        8    #######
 Force Lance              Conj/Tloc      #.......     100%        4    #####..
 Gell's Gravitas          Tloc           #.........   100%        3    ####...


Dungeon Overview and Level Annotations

Branches:
Dungeon (11/15)            Temple (1/1) D:7             Orc (0/2) D:9
   Lair: D:8-11

Altars:
Ashenzari
Cheibriados
Dithmenos
Elyvilon
Fedhas
Gozag
Hepliaklqana
Kikubaaqudgha
Makhleb
Nemelex Xobeh
Okawaru
Qazlal
Ru
Sif Muna
Trog
Uskayaw
Vehumet
Wu Jian
Xom
Yredelemnul
Zin
The Shining One

Shops:
D:5 *

Annotations:
D:7 exclusion: oklob plant
D:11 BearFiend's ghost, journeyman MiBe


Innate Abilities, Weirdness & Mutations

You reflexively headbutt those who attack you in melee.
You have a pair of horns on your head.


Message History

You miss BearFiend's ghost.
BearFiend's ghost is moderately damaged.
You block BearFiend's ghost's attack.
You barely miss BearFiend's ghost.
BearFiend's ghost is moderately damaged.
BearFiend's ghost hits you.
You hit BearFiend's ghost.
BearFiend's ghost is moderately damaged.
You slice BearFiend's ghost!!
Space warps horribly around BearFiend's ghost!
BearFiend's ghost is severely damaged.
BearFiend's ghost hits you!
You closely miss BearFiend's ghost. Your headbutt misses BearFiend's ghost.
BearFiend's ghost is severely damaged.
BearFiend's ghost hits you!
* * * LOW HITPOINT WARNING * * *
x2
There is a stone staircase leading up here.
You feel like a meek peon again. BearFiend's ghost hits you!!
You die...

#.. #.. #.. #.. #.<
#.. #..#####+#######.
#......).........
#....@W..........
#......†.........
...................
...≈≈≈≈≈≈≈≈≈≈≈≈≈≈≈≈≈
....≈≈≈≈≈≈≈≈≈≈≈≈≈≈≈≈≈
....≈≈#####≈≈≈≈≈≈≈≈≈≈
....≈≈#ooo#..........
.P≈ #.. ###########


You could see BearFiend's ghost and 2 orcs.

Vanquished Creatures
  A two-headed ogre (D:10)
  An unseen horror (D:10)
  Joseph (D:7)
  A troll (D:10)
  A hornet (D:10)
  Sigmund (D:3)
  A wraith (Ossuary)
  A human (D:9)
  Menkaure (D:7)
  A hungry ghost (D:9)
  2 wargs (D:11)
  5 orc warriors
  2 necrophages
  2 ice beasts
  3 phantoms
  2 sky beasts
  A black bear (D:6)
  A hornet zombie (D:10)
  2 ogres
  4 centaurs
  An elf zombie (D:4)
  Blork the orc (D:5)
  5 bullfrogs
  A gnoll sergeant (D:10)
  2 wyvern skeletons
  3 scorpions
  A water moccasin skeleton (D:10)
  3 killer bees (D:8)
  4 howler monkeys
  4 crimson imps
  A jelly (D:9)
  5 hounds
  A human zombie (D:4)
  3 orc priests
  14 orc wizards
  A bullfrog skeleton (D:10)
  3 centaur skeletons
  2 human skeletons (D:4)
  Jessica (D:3)
  5 iguanas
  4 worker ants
  A killer bee zombie (D:9)
  A big kobold zombie (Ossuary)
  A bullfrog simulacrum (D:10)
  2 hound skeletons (D:6)
  3 mummies (Ossuary)
  4 worker ant zombies
  18 gnolls
  A howler monkey skeleton (D:6)
  10 adders
  A shadow imp (D:10)
  An adder zombie (D:8)
  A worm (D:4)
  3 dart slugs
  7 leopard geckos
  59 orcs
  4 bats
  7 giant cockroaches
  7 goblins
  9 hobgoblins
  12 jackals
  6 kobolds
  7 quokkas
  5 frilled lizards
  A giant cockroach zombie (D:5)
  4 goblin zombies (Ossuary)
  2 hobgoblin zombies (Ossuary)
  A kobold zombie (Ossuary)
  2 orc skeletons (D:4)
  A quokka skeleton (D:8)
  5 rats
  3 rat zombies (D:7)
  A spectral orc (D:3)
  A fungus (D:5)
290 creatures vanquished.

Notes
Turn   | Place    | Note
-------+----------+-------------------------------------------
     0 | D:1      | xaffu the Minotaur Fighter began the quest for the Orb.
     0 | D:1      | Reached XP level 1. HP: 19/19 MP: 0/0
    29 | D:1      | Reached skill level 3 in Axes
   244 | D:1      | Reached XP level 2. HP: 26/26 MP: 1/1
   858 | D:2      | Reached skill level 4 in Axes
   991 | D:2      | Reached XP level 3. HP: 28/31 MP: 2/2
  1023 | D:2      | Found a sparkling altar of Nemelex Xobeh.
  1057 | D:2      | Found a shattered altar of Ashenzari.
  1330 | D:2      | Reached skill level 5 in Axes
  1341 | D:2      | Reached XP level 4. HP: 33/39 MP: 3/3
  1734 | D:3      | Reached skill level 6 in Axes
  1845 | D:3      | Found a basalt altar of Yredelemnul.
  1873 | D:3      | Reached XP level 5. HP: 43/45 MP: 4/4
  2054 | D:3      | Noticed Sigmund
  2060 | D:3      | Killed Sigmund
  2060 | D:3      | Reached skill level 8 in Axes
  2060 | D:3      | Reached XP level 6. HP: 29/51 MP: 5/5
  2398 | D:3      | Noticed Jessica
  2402 | D:3      | Killed Jessica
  2868 | D:4      | Reached skill level 9 in Axes
  2911 | D:4      | Reached XP level 7. HP: 54/57 MP: 6/6
  2915 | D:4      | Found a sand-covered staircase.
  2923 | Ossuary  | Entered an ossuary
  2923 | Ossuary  | Noticed a wraith
  2923 | Ossuary  | Noticed a wraith
  2923 | Ossuary  | Noticed a wraith
  3179 | Ossuary  | Noticed a wraith
  3191 | Ossuary  | Killed a wraith
  3191 | Ossuary  | Reached skill level 10 in Axes
  3755 | D:4      | Found an ornate altar of the Wu Jian Council.
  3756 | D:4      | Found a hide-covered altar of Uskayaw.
  3758 | D:4      | Found a shimmering altar of Xom.
  3758 | D:4      | Found a radiant altar of Vehumet.
  3762 | D:4      | Found a glowing golden altar of the Shining One.
  3762 | D:4      | Found a blossoming altar of Fedhas.
  3763 | D:4      | Found an opulent altar of Gozag.
  3894 | D:5      | Entered Level 5 of the Dungeon
  4070 | D:5      | Found Togoext's General Store.
  4245 | D:5      | Reached skill level 11 in Axes
  4502 | D:5      | Reached XP level 8. HP: 59/64 MP: 7/7
  4646 | D:5      | Noticed Blork the orc
  4655 | D:5      | Killed Blork the orc
  5173 | D:6      | Reached skill level 12 in Axes
  5665 | D:6      | Reached skill level 1 in Dodging
  6140 | D:6      | Reached XP level 9. HP: 68/72 MP: 8/8
  6320 | D:7      | Noticed Menkaure
  6327 | D:7      | Killed Menkaure
  6327 | D:7      | Reached skill level 5 in Fighting
  6351 | D:7      | Reached skill level 5 in Armour
  6376 | D:7      | Reached skill level 13 in Axes
  6399 | D:7      | Found a staircase to the Ecumenical Temple.
  6408 | Temple   | Entered the Ecumenical Temple
  6514 | Temple   | Became a worshipper of Warmaster Okawaru
  6539 | D:7      | Noticed Joseph
  6553 | D:7      | Killed Joseph
  6553 | D:7      | Reached skill level 1 in Invocations
  6806 | D:7      | Found a stormy altar of Qazlal.
  6807 | D:7      | Found a deep blue altar of Sif Muna.
  6916 | D:7      | Got a shimmering ring mail
  6966 | D:7      | Noticed an oklob plant
  7003 | D:7      | Found an opulent altar of Gozag.
  7020 | D:7      | Found an ancient bone altar of Kikubaaqudgha.
  7440 | D:7      | Reached * piety under Okawaru
  7640 | D:8      | Reached ** piety under Okawaru
  7875 | D:8      | Identified the +1 ring mail "Gutatt" {rPois rF+ Str-2 Int+2 SInv} (You found it on level 7 of the Dungeon)
  8187 | D:8      | Reached XP level 10. HP: 80/83 MP: 10/10
  8294 | D:9      | Found a staircase to the Orcish Mines.
  8738 | D:9      | Reached skill level 14 in Axes
  9421 | D:10     | Entered Level 10 of the Dungeon
  9433 | D:10     | Noticed a two-headed ogre
  9434 | D:10     | Reached skill level 5 in Dodging
  9442 | D:10     | Killed a two-headed ogre
  9566 | D:10     | Reached *** piety under Okawaru
  9592 | D:10     | Noticed an unseen horror
  9602 | D:10     | Killed an unseen horror
  9873 | D:10     | Reached **** piety under Okawaru
 10597 | D:10     | Reached XP level 11. HP: 93/93 MP: 13/13
 10717 | D:11     | Noticed BearFiend's ghost (journeyman MiBe)
 10747 | D:11     | Slain by BearFiend's ghost

Vault maps used:
D:1:      dpeg_arrival_fog
D:2:      nemelex_altar_shiori, ashenzari_altar_1
D:3:      yredelemnul_forgotten_temple_becter, first_ration, uniq_jessica,
          uniq_sigmund
D:4:      grunt_temple_overflow_open, nicolae_ossuary_entry_catacombs
D:5:      serial_shops, shop, minmay_gold_behind_fungi, uniq_blork_the_orc
D:6:      nicolae_whirlpool
D:7:      lemuel_zombie_altar_kikubaaqudgha, gammafunk_temple_overflow_statue,
          minmay_temple_entry_grid, lemuel_oklob_altar, uniq_joseph,
          uniq_menkaure
D:8:      serial_glass, glass_columns_b, glass_columns_b,
          kennysheep_generic_room_3
D:9:      serial_co_window_serial, co_window_corner_a,
          co_window_of_opportunity_a, co_window_paths_b, co_window_paths_a,
          co_window_cross_1, co_window_corner_ca, co_window_corner_cb,
          co_window_2corner, co_window_broadway_b, co_window_corner_b,
          co_window_broadway_b, co_window_cross_3, glass_columns_a,
          grunt_pizzeria
D:10:     minmay_tri_box
D:11:     lemuel_castle_with_subvaults, minmay_lair_entry_lava
Temple:   nicolae_temple_figure_zero
Ossuary:  ossuary_kennysheep_city_of_the_dead

Skill      XL: |  1  2  3  4  5  6  7  8  9 10 |
---------------+-------------------------------+-----
Axes           | 3 4 5 6 8 9 11 12 13 14 | 14.9
Fighting       | 4 6 7 |  7.7
Armour         | 4 6 7 |  7.8
Dodging        | 2 4 6 |  6.0
Invocations    | 2 4 |  4.6
Shields        | |  3.6

Action                   |  1- 3 |  4- 6 |  7- 9 | 10-12 || total
-------------------------+-------+-------+-------+-------++-------
Melee: War axe           |    79 |   114 |   435 |   121 ||   749
       Headbutt          |    11 |    22 |    81 |    31 ||   145
       Broad axe         |       |       |       |    89 ||    89
Invok: Heroism           |       |       |     2 |     2 ||     4
Evoke: Wand              |       |       |     1 |       ||     1
  Use: Potion            |       |     1 |     1 |     1 ||     3
       Scroll            |       |     8 |     9 |     6 ||    23
  Eat: Chunk             |     1 |     5 |    14 |     9 ||    29
       Ration            |       |       |     1 |     1 ||     2
Armor: Scale mail        |    31 |    27 |    35 |       ||    93
       Chain mail        |       |       |     7 |       ||     7
       Plate armour      |       |       |   118 |       ||   118
       Ring mail         |       |       |     4 |    46 ||    50
Dodge: Dodged            |    22 |    29 |    70 |    54 ||   175
Block: Shield            |    44 |    48 |   182 |    81 ||   355

Table legend:
 A = Spawn XP
 B = Non-spawn XP
 C = Spawn XP percentage of total XP
 D = Spawn monster count
 E = Non-spawn monster count
 F = Spawn count percentage of total count
 G = Total turns spent on level
                    A         B        C        D         E        F      G
               +---------+---------+-------+---------+---------+-------+---------
         Total |       0 |   11426 |   0.0 |       0 |     288 |   0.0 | 10747
               +---------+---------+-------+---------+---------+-------+---------
           D:1 |       0 |      25 |   0.0 |       0 |      15 |   0.0 |   841
           D:2 |       0 |      94 |   0.0 |       0 |      29 |   0.0 |   832
           D:3 |       0 |     393 |   0.0 |       0 |      31 |   0.0 |  1075
           D:4 |       0 |     333 |   0.0 |       0 |      16 |   0.0 |   561
           D:5 |       0 |     457 |   0.0 |       0 |      21 |   0.0 |  1030
           D:6 |       0 |    1256 |   0.0 |       0 |      33 |   0.0 |  1296
           D:7 |       0 |    1338 |   0.0 |       0 |      35 |   0.0 |  1124
           D:8 |       0 |    1382 |   0.0 |       0 |      33 |   0.0 |   765
           D:9 |       0 |    1365 |   0.0 |       0 |      19 |   0.0 |  1195
          D:10 |       0 |    4150 |   0.0 |       0 |      42 |   0.0 |  1294
          D:11 |       0 |     352 |   0.0 |       0 |       3 |   0.0 |    32
       Ossuary |       0 |     281 |   0.0 |       0 |      11 |   0.0 |   585
               +---------+---------+-------+---------+---------+-------+---------
